Map: 에버 드림 - 래더

Players

PtitDrogo - Winner!

  • Race: Protoss Protoss
  • Spawn Location: 7:00

Zest

  • Race: Protoss Protoss
  • Spawn Location: 1:00

Event: StayAtHomestory Cup #2

VOD

Have the link to the VOD?

Description

Time

  • Played on: June 12, 2020, 1:12 p.m.
  • Length: 12:33

All games in this series

Show
View Real Time Build Order
Export as new Build Order

PtitDrogo Protoss - Winner!

Build Orders:  

Get SALT Encoding   

  12  0:00  Probe  
  13  0:13  Probe  
  14  0:17  Pylon  
  14  0:24  Probe  
  15  0:32  Probe  
  15  0:38  Gateway  
  15  0:40  Probe  
  16  0:46  Assimilator  
  17  0:51  Probe  
  17  0:54  Assimilator  
  18  0:59  Probe  
  19  1:07  Probe  
  19  1:10  Gateway  
  19  1:17  Probe  
  21  1:27  Cybernetics Core  
  21  1:29  Probe  
  22  1:33  Pylon  
  22  1:41  Probe  
  22  1:46  Warp Gate  
  23  2:04  Stalker x2  
  23  2:06  Gateway  
  27  2:12  Pylon  
  28  2:15  Probe  
  28  2:35  Stalker x2  
  31  2:54  Stalker  
  33  3:08  Nexus  
  33  3:12  Pylon  
  33  3:34  Stalker x3  
  39  3:46  Pylon  
  34  4:03  Stalker x2  
  34  4:05  Stalker  
  34  4:27  Adept x2  
  34  4:30  Adept  
  34  4:49  Probe x2, Stalker x2  
  40  4:59  Probe  
  38  5:02  Probe  
  38  5:06  Sentry  
  42  5:08  Probe  
  42  5:10  Probe  
  41  5:16  Probe  
  41  5:20  Probe  
  41  5:21  Stalker  
  41  5:28  Probe  
  41  5:29  Probe  
  41  5:32  Sentry x2  
  42  5:37  Probe  
  42  5:40  Probe  
  44  5:46  Sentry  
  44  5:47  Probe  
  43  5:52  Probe  
  44  5:57  Robotics Facility, Shield Battery  
  44  5:59  Probe  
  44  6:01  Adept  
  44  6:02  Adept  
  47  6:14  Probe  
  47  6:15  Probe  
  47  6:16  Stalker  
  46  6:22  Stalker  
  39  6:30  Adept  
  32  6:41  Adept  
  32  6:42  Probe  
  32  6:46  Probe  
  29  6:54  Probe  
  26  6:58  Probe  
  24  7:04  Sentry x2  
  24  7:06  Probe  
  29  7:10  Probe  
  30  7:18  Probe  
  30  7:20  Sentry  
  30  7:21  Probe  
  34  7:27  Probe  
  34  7:29  Probe  
  31  7:35  Probe  
  32  7:37  Probe  
  32  7:43  Adept  
  36  7:45  Adept  
  32  8:00  Probe x2  
  34  8:12  Adept x2, Probe  
  39  8:17  Probe  
  40  8:22  Probe  
  40  8:25  Probe  
  40  8:26  Stalker  
  43  8:30  Probe  
  43  8:33  Probe  
  45  8:39  Probe  
  47  8:53  Adept x3  
  47  8:54  Probe  
  52  8:59  Probe  
  51  9:06  Probe  
  48  9:11  Probe  
  48  9:14  Warp Prism  
  48  9:15  Adept x2  
  51  9:18  Probe  
  51  9:23  Probe  
  53  9:41  Adept  
  53  9:42  Adept x2  
  53  9:49  Assimilator  
  53  9:50  Assimilator  
  53  9:55  Robotics Bay  
  51  10:03  Adept x3  
  55  10:19  Pylon  
  55  10:23  Adept  
  55  10:24  Adept x2, Colossus  
  57  10:38  Shield Battery  
  63  10:43  Extended Thermal Lance  
  61  10:58  Stalker x3  
  67  11:06  Gateway  
  67  11:16  Pylon  
  67  11:23  Colossus  
  67  11:28  Sentry  
  67  11:32  Shield Battery  
  69  11:36  Adept  
  77  11:50  Adept  
  74  11:54  Adept  
  74  11:57  Adept  
  74  12:00  Adept  
  68  12:14  Adept x2  
  66  12:21  Probe  
  66  12:30  Adept x2  
Show
View Real Time Build Order
Export as new Build Order

Zest Protoss 

Build Orders:  

Get SALT Encoding   

  12  0:00  Probe  
  13  0:13  Probe  
  14  0:18  Pylon  
  14  0:24  Probe  
  15  0:32  Probe  
  15  0:37  Gateway  
  15  0:40  Probe  
  16  0:46  Assimilator  
  17  0:51  Probe  
  17  0:54  Assimilator  
  18  0:59  Probe  
  19  1:07  Probe, Gateway  
  19  1:17  Probe  
  20  1:23  Cybernetics Core  
  21  1:29  Probe  
  22  1:33  Pylon  
  22  1:42  Probe  
  23  1:54  Probe  
  24  2:00  Stalker x2  
  24  2:01  Warp Gate  
  28  2:11  Pylon  
  28  2:30  Stalker x2  
  32  2:46  Nexus  
  32  2:50  Probe  
  33  3:03  Probe  
  34  3:06  Sentry  
  34  3:07  Sentry  
  34  3:08  Pylon  
  38  3:13  Shield Battery  
  38  3:15  Probe  
  37  3:29  Probe  
  36  3:37  Gateway  
  36  3:49  Stalker x2  
  36  4:05  Stalker x2  
  36  4:23  Gateway  
  36  4:30  Stalker x2  
  40  4:35  Stalker  
  36  4:55  Stalker x2  
  36  5:00  Stalker  
  32  5:13  Stalker  
  26  5:21  Stalker  
  26  5:22  Stalker  
  26  5:24  Stalker  
  28  5:35  Stalker  
  27  5:50  Adept x2  
  27  5:51  Adept  
  33  5:57  Adept  
  35  6:21  Adept  
  29  6:39  Adept x2  
  23  6:55  Probe x2  
  23  7:03  Probe x2  
  25  7:09  Adept x4  
  25  7:13  Probe  
  32  7:17  Probe  
  33  7:26  Probe x2  
  33  7:34  Probe x2  
  31  7:43  Probe x2  
  33  7:58  Probe x2  
  31  8:05  Sentry x3  
  35  8:08  Probe  
  35  8:10  Probe  
  37  8:16  Probe  
  37  8:17  Phoenix  
  37  8:22  Probe  
  37  8:24  Probe  
  39  8:29  Adept x2  
  44  8:34  Probe  
  44  8:41  Assimilator  
  45  8:42  Robotics Facility  
  45  8:46  Adept x2  
  49  8:51  Adept  
  49  8:55  Adept  
  45  9:13  Adept  
  45  9:14  Adept  
  43  9:19  Adept  
  43  9:27  Adept  
  44  9:38  Adept x2  
  46  9:43  Warp Prism  
  44  10:03  Adept x3  
  46  10:17  Adept  
  48  10:25  Adept x3  
  54  10:47  Adept x4  
  58  11:07  Pylon  
  58  11:08  Stalker  
  58  11:09  Stalker  
  58  11:11  Pylon  
  62  11:33  Adept x2  
  62  11:34  Adept x2  
  62  11:38  Robotics Bay  
  65  12:00  Adept x4  
  39  12:22  Adept x2  
  39  12:23  Adept x2  
Tags
 
Add a new tag
Caveats
  • Supply blocks, unpowered buildings, or Contaminate may cause inaccurate times.
  • Supply counts are checked every 10 seconds.